 Dungeon Crawl Stone Soup version 0.26.1-2-gb8aa6d0cf2 (webtiles) character file.

Game seed: 9075560282533191036

1780 sapthan the Grappler (level 8, -3/74 HPs)
             Began as a Troll Monk on Feb 16, 2021.
             Slain by a killer bee (5 damage)
             ... on level 6 of the Dungeon.
             The game lasted 00:13:15 (4355 turns).

sapthan the Grappler (Troll Monk)                   Turns: 4355, Time: 00:13:17

Health: -3/74      AC:  6    Str: 22    XL:     8   Next: 81%
Magic:  16/16      EV: 10    Int:  6    God:
Gold:   308        SH:  5    Dex: 12    Spells: 7/7 levels left

rFire    . . .     SeeInvis .     - Unarmed
rCold    . . .     Faith    .   (no shield)
rNeg     . . .     Spirit   .   a - +0 robe
rPois    .         Reflect  +   (helmet restricted)
rElec    .         Harm     .   (no cloak)
rCorr    .         Rampage  .   (gloves unavailable)
Will     .....                  (boots unavailable)
Stlth    ++........             p - amulet of reflection
HPRegen  0.62/turn              W - ring of magical power
MPRegen  0.15/turn              (no ring)

@: lethally poisoned (-3 -> -3)
A: large, unfitting armour, claws 3, regeneration 1, shaggy fur 1, tough skin 3
a: no special abilities


You were on level 6 of the Dungeon.
You visited 2 branches of the dungeon, and saw 7 of its levels.

You collected 308 gold pieces.


Innate Abilities, Weirdness & Mutations

You are too large for most types of armour.
You have claws for hands.
Your natural rate of healing is unusually fast.
You are covered in fur. (AC +1)
You have extremely tough skin. (AC +3)


   Skills:
 + Level 2.8 Fighting
 + Level 1.1 Throwing
 + Level 1.0 Armour
 + Level 2.7 Dodging
 - Level 1.0 Stealth
 - Level 11.2 Unarmed Combat


You had 7 spell levels left.
You didn't know any spells.
Your spell library was empty.

Inventory:

Missiles
 i - 190 stones (quivered)
 o - a large rock {=f}
Armour
 a - a +0 robe (worn)
 q - +0 ice dragon scales
Magical Staves
 n - an uncursed staff of cold {!a, unknown}
Jewellery
 p - an amulet of reflection (around neck)
 v - a cursed amulet of inaccuracy {unknown}
 W - a ring of magical power (left claw)
Wands
 u - a wand of paralysis (9)
Scrolls
 b - 6 scrolls of magic mapping {unknown}
 d - a scroll of remove curse {unknown}
 e - 3 scrolls of teleportation {unknown}
 g - a scroll of enchant armour {unknown}
 h - 2 scrolls of immolation {unknown}
 k - 2 scrolls of amnesia {unknown}
 l - 2 scrolls of fog {unknown}
 m - 3 scrolls of identify {unknown}
 s - a scroll of blinking {unknown}
Potions
 c - 3 potions of invisibility {unknown}
 f - a potion of curing {@q1}
 j - a potion of resistance {unknown}
 r - a potion of ambrosia {unknown}
 t - a potion of might {unknown}
 w - a potion of attraction {unknown}

Dungeon Overview and Level Annotations

Branches:
Dungeon (6/15)             Temple (1/1) D:4

Altars:
Ashenzari
Cheibriados
Dithmenos
Fedhas
Gozag
Hepliaklqana
Kikubaaqudgha
Makhleb
Okawaru
Qazlal
Wu Jian
Yredelemnul
Lugonu

Annotations:
D:2 exclusion: oklob plant

##.....#......#....
#...######..###....
##..##..#####.......
#.....[........>.#).
##....#.........##..
###..##.......####.
##..#........# #.
#............# ##
#@y.#......... #.
#y..#...###### ...
#/......# ...#
........# ...#
........# .......#.+
.......#.# #.......>


You could see 2 killer bees.


Message History

* * * LOW HITPOINT WARNING * * *
The killer bee stings you but does no damage.
The killer bee stings you!
* * * LOW HITPOINT WARNING * * *
You are more poisoned.
The killer bee poisons you! The killer bee stings you.
* * * LOW HITPOINT WARNING * * *
You are more poisoned.
The killer bee poisons you!
It was a potion of curing.
You feel better. The killer bee stings you.
* * * LOW HITPOINT WARNING * * *
The killer bee stings you.
* * * LOW HITPOINT WARNING * * *
The killer bee stings you.
* * * LOW HITPOINT WARNING * * *
The killer bee misses you.
You feel better. The killer bee stings you.
* * * LOW HITPOINT WARNING * * *
You are poisoned.
The killer bee poisons you! The killer bee stings you.
* * * LOW HITPOINT WARNING * * *
You block the killer bee's attack.
The killer bee stings you but does no damage.
You closely miss the killer bee.
You feel sick. The killer bee closely misses you. The killer bee stings you.
* * * LOW HITPOINT WARNING * * *
The killer bee stings you.
* * * LOW HITPOINT WARNING * * *
The killer bee stings you.
You die...

Skill      XL: |  1  2  3  4  5  6  7  8 |
---------------+-------------------------+-----
Unarmed Combat | 4 5 6 8 9 11 | 11.2
Throwing       | 1 |  1.1
Armour         | 1 |  1.0
Fighting       | |  2.8
Dodging        | |  2.7
Stealth        | |  1.0

Action                   |  1- 3 |  4- 6 |  7- 9 || total
-------------------------+-------+-------+-------++-------
Melee: Unarmed           |   102 |    95 |   137 ||   334
       Punch             |     2 |     4 |     6 ||    12
  Use: Potion            |       |       |     2 ||     2
 Stab: Sleeping          |     1 |     3 |     2 ||     6
Armor: Robe              |    25 |    27 |    44 ||    96
Dodge: Dodged            |    54 |    22 |    52 ||   128
Block: Other             |       |       |    17 ||    17

Levels and vault maps discovered:
D:1:      sevenhm_arrival_forest_fort_small_6, layout_basic,
          minmay_misc_feat_enclosed
D:2:      layout_rooms, pdpol_wu_jian_five_deadly_venoms, tgw_fedhas, uniq_robin
D:3:      layout_loops_cross, grunt_qazlal_sundering, lemuel_doored_altar,
          uniq_sigmund
D:4:      layout_cave_pools, marbit_many_paths, nicolae_dithmenos_the_darkroom,
          minmay_temple_entry_statues_pillars, grunt_ministairs_12,
          uniq_eustachio, uniq_grinder, uniq_blork_the_orc, uniq_menkaure
D:5:      layout_loops_ring
D:6:      layout_cave_pools, nzn_overflow_gifts_of_might_and_magic,
          overflow_temple_1_default, general_overflow_altar,
          eat_drink_and_be_merry_uskayaw, uniq_edmund
Temple:   corrupted_temple

Notes
Turn   | Place    | Note
-------+----------+-------------------------------------------
     0 | D:1      | sapthan the Troll Monk began the quest for the Orb.
     0 | D:1      | Reached XP level 1. HP: 22/22 MP: 0/0
   132 | D:1      | Reached XP level 2. HP: 26/29 MP: 1/1
   249 | D:1      | Reached skill level 4 in Unarmed Combat
   519 | D:1      | Reached XP level 3. HP: 36/36 MP: 2/2
  1165 | D:2      | Found an ornate altar of the Wu Jian Council.
  1312 | D:2      | Noticed Robin
  1338 | D:2      | Killed Robin
  1499 | D:2      | Reached skill level 5 in Unarmed Combat
  1499 | D:2      | Reached XP level 4. HP: 38/44 MP: 3/3
  1571 | D:2      | Found a blossoming altar of Fedhas.
  1589 | D:2      | Noticed an oklob plant
  1865 | D:3      | Found a basalt altar of Yredelemnul.
  1911 | D:3      | Noticed Sigmund
  1923 | D:3      | Killed Sigmund
  1924 | D:3      | Reached skill level 6 in Unarmed Combat
  1924 | D:3      | Reached XP level 5. HP: 17/50 MP: 4/4
  1931 | D:3      | Reached XP level 6. HP: 21/59 MP: 5/5
  2137 | D:3      | Found a stormy altar of Qazlal.
  2296 | D:3      | Reached skill level 7 in Unarmed Combat
  2597 | D:4      | Noticed Blork the orc
  2611 | D:4      | Killed Blork the orc
  2625 | D:4      | Noticed Grinder
  2651 | D:4      | Noticed Eustachio
  2656 | D:3      | Killed Grinder
  2657 | D:3      | Reached skill level 8 in Unarmed Combat
  2657 | D:3      | Reached XP level 7. HP: 35/66 MP: 6/6
  2720 | D:4      | Killed Eustachio
  2721 | D:4      | Reached skill level 9 in Unarmed Combat
  2913 | D:4      | Found an ancient bone altar of Kikubaaqudgha.
  3020 | D:4      | Found a shadowy altar of Dithmenos.
  3025 | D:4      | Noticed Menkaure
  3034 | D:4      | Killed Menkaure
  3035 | D:4      | Reached XP level 8. HP: 15/74 MP: 7/7
  3185 | D:4      | Found a staircase to the Ecumenical Temple.
  3200 | Temple   | Entered the Ecumenical Temple
  3370 | D:5      | Entered Level 5 of the Dungeon
  3384 | D:5      | Reached skill level 10 in Unarmed Combat
  3970 | D:5      | Reached skill level 11 in Unarmed Combat
  4343 | D:6      | Reached skill level 1 in Throwing
  4350 | D:6      | Reached skill level 1 in Armour
  4355 | D:6      | HP: 6/74 [killer bee (4)]
  4355 | D:6      | HP: 2/74 [killer bee (4)]
  4355 | D:6      | Slain by a killer bee

Vanquished Creatures
  Grinder (D:3)
  Sigmund (D:3)
  Eustachio (D:4)
  Menkaure (D:4)
  A phantom (D:5)
  2 centaurs (D:5)
  An ogre (D:6)
  Blork the orc (D:4)
  2 killer bees (D:6)
  2 hounds
  A jelly (D:6)
  An orc priest (D:5)
  8 orc wizards
  5 worker ants
  A hound skeleton (D:4)
  Robin (D:2)
  4 gnolls
  5 adders
  An adder skeleton (D:4)
  A worm (D:3)
  A dart slug (D:4)
  5 leopard geckos
  20 orcs
  A ball python (D:1)
  3 bats
  5 giant cockroaches
  12 goblins
  8 hobgoblins
  3 jackals (D:3)
  10 kobolds
  2 quokkas
  8 frilled lizards
  6 rats
125 creatures vanquished.

Table legend: (Time is in decaauts)
 A = Elapsed time spent in this place.
 B = Non-inter-level travel time spent in this place.
 C = Inter-level travel time spent in this place.
 D = Time resting spent in this place.
 E = Time spent auto-exploring this place.
 F = Levels seen in this place.
 G = Mean time per level.
                   A        B        C        D        E       F      G
               +--------+--------+--------+--------+--------+-----+--------+
         Total |   4314 |   4013 |    301 |    291 |   3009 |   7 |  616.3 |
       Dungeon |   4271 |   3983 |    288 |    291 |   2979 |   6 |  711.8 |
        Temple |     43 |     30 |     13 |      0 |     29 |   1 |   43.0 |
               +--------+--------+--------+--------+--------+-----+--------+

Top non-repeatable levels by time:
     D:1: 1135 daAuts
     D:3: 939 daAuts
     D:5: 902 daAuts
     D:4: 676 daAuts
     D:2: 553 daAuts
     D:6: 64 daAuts
  Temple: 43 daAuts

Table legend:
 A = Non-vault XP
 B = Vault XP
 C = Vault XP percentage of total XP
 D = Non-vault monster count
 E = Vault monster count
 F = Vault count percentage of total count
                 A         B        C        D         E       F
            +---------+---------+-------+---------+---------+-------
      Total |    1481 |    1063 |  41.8 |     104 |      21 |  16.8
            +---------+---------+-------+---------+---------+-------
        D:1 |      46 |       0 |   0.0 |      21 |       0 |   0.0
        D:2 |      22 |      38 |  63.3 |       7 |      13 |  65.0
        D:3 |     151 |     532 |  77.9 |      27 |       2 |   6.9
        D:4 |     195 |     493 |  71.7 |      19 |       6 |  24.0
        D:5 |     788 |       0 |   0.0 |      26 |       0 |   0.0
        D:6 |     279 |       0 |   0.0 |       4 |       0 |   0.0
            +---------+---------+-------+---------+---------+-------
